 Dungeon Crawl Stone Soup version 0.29.1-13-g9f3cf754e1 (webtiles) character file.

Game seed: 8744761518235234398

2 IantheGreasy the Grave Robber (level 1, 0/13 HPs)
             Began as a Human Necromancer on Feb 10, 2023.
             Frozen to death by an endoplasm (2 damage)
             ... on level 1 of the Dungeon.
             The game lasted 00:02:48 (196 turns).

IantheGreasy the Grave Robber (Human Necromancer)    Turns: 196, Time: 00:02:54

Health: 0/13       AC:  3    Str:  8    XL:     1   Next: 44%
Magic:  3/3        EV:  8    Int: 15    God:
Gold:   0          SH:  0    Dex: 13    Spells: 3/4 levels left

rFire   . . .      SeeInvis .   (no weapon)
rCold   . . .      Faith    .   (no shield)
rNeg    . . .      Spirit   .   d - +0 leather armour
rPois   .          Reflect  .   (no helmet)
rElec   .          Harm     .   (no cloak)
rCorr   .          Rampage  .   (no gloves)
Will    .....                   (no boots)
Stlth   ++........              (no amulet)
HPRegen 0.04/turn               (no ring)
MPRegen 0.08/turn               (no ring)

@: constricted
A: no striking features
a: no special abilities


You were on level 1 of the Dungeon.
You visited 1 branch of the dungeon, and saw 1 of its levels.

Inventory:

Missiles
 g - 5 stones (quivered)
Armour
 a - a +0 robe
 d - a +0 leather armour (worn)
 e - a +0 robe
Scrolls
 c - a scroll of vulnerability {unknown}
Potions
 b - a potion of magic
 f - a potion of berserk rage {unknown}


   Skills:
 + Level 2.1 Dodging
 + Level 2.0 Stealth
 + Level 2.0 Spellcasting
 + Level 4.0 Necromancy


You had 3 spell levels left.
You knew the following spells:

 Your Spells              Type           Power      Damage    Failure   Level
a - Necrotise             Necr           52%        1d6       6%          1

Your spell library contained the following spells:

 Spells                   Type           Power      Damage    Failure   Level
 Vampiric Draining        Necr           13%        2d6       19%         3
 Animate Dead             Necr           13%        N/A       52%         4
 Agony                    Necr           13%        N/A       86%         5


Dungeon Overview and Level Annotations

Branches:
Dungeon (1/15)

Altars:


Message History

You hit the hobgoblin.
The hobgoblin is heavily wounded.
The ball python hisses angrily.
The hobgoblin closely misses you.
A goblin comes into view. It is wielding a +0 dagger.
The goblin shouts!
You hit the hobgoblin.
The hobgoblin is severely wounded.
The hobgoblin hits you.
You closely miss the hobgoblin.
The hobgoblin is severely wounded.
The hobgoblin closely misses you.
You barely miss the hobgoblin.
The hobgoblin is severely wounded.
The hobgoblin hits you.
You completely miss the hobgoblin.
The hobgoblin is severely wounded.
The hobgoblin hits you.
The endoplasm quivers.
You hit the hobgoblin.
You kill the hobgoblin!
You see here a hobgoblin corpse.
You hit the endoplasm but do no damage.
The endoplasm hits you but does no damage.
You closely miss the ball python. Your punch misses the ball python.
The ball python misses you. The ball python closely misses you.
The endoplasm hits you but does no damage.
The endoplasm attacks as you move away!
The endoplasm hits you but does no damage.
The ball python attacks as you move away!
The ball python bites you.
* * * LOW HITPOINT WARNING * * *
You closely miss the ball python. Your punch misses the ball python.
The ball python barely misses you. The ball python misses you.
The ball python closely misses you. The ball python grabs you.
The ball python constricts you.
* * * LOW HITPOINT WARNING * * *
The endoplasm freezes you.
You are frozen.
You die...

#.# .... #.# ....
#.##..... ##..+.....
##......... ♣♣ #....#
♣P.##.#g.# .......SJ# ..
.####..@.# ... ####....#
...#########
........###..##........
............!##..#####+#
.♣♣♣♣.!......##.#####...
♣♣.......#..###.....
P.P♣..##..#...#......
P..P.♣..##..#...+....<.
♣P..PP♣..#...#...#......


You could see an endoplasm, a goblin and a ball python.

Vanquished Creatures
  A bat (D:1)
  A hobgoblin (D:1)
2 creatures vanquished.

Notes
Turn   | Place    | Note
-------+----------+-------------------------------------------
     0 | D:1      | IantheGreasy the Human Necromancer began the quest for the
                  | Orb.
     0 | D:1      | Reached XP level 1. HP: 13/13 MP: 3/3
   196 | D:1      | Frozen to death by an endoplasm

Illustrated notes

Levels and vault maps discovered:
D:1:      dpeg_arrival_three_smaller_balls, layout_basic, serial_forest,
          infiniplex_forest_lined_room_2, infiniplex_forest_side_room,
          infiniplex_forest_clump_C, infiniplex_forest_clump_cross,
          infiniplex_forest_end_2, infiniplex_forest_corner_1,
          infiniplex_forest_lined_room_2,
          hellmonk_ecumenical_altar_inner_sanctum, minmay_pentomino_o4

Action                   || total
-------------------------++-------
Melee: Unarmed           ||    25
Armor: Leather armour    ||    28
Dodge: Dodged            ||    45
